 Dungeon Crawl Stone Soup version 0.30-a0-972-gf3ab3527aa (webtiles) character file.

Game seed: 15755787261201271227

4436 IdlyInterested the Slicer (level 10, -7/74 HPs)
             Began as a Demonspawn Gladiator on Mar 30, 2023.
             Was an Initiate of Hepliaklqana.
             Mangled by a two-headed ogre
             ... wielding a +0 giant club
              (19 damage)
             ... on level 8 of the Dungeon on Mar 31, 2023.
             The game lasted 00:32:21 (6586 turns).

IdlyInterested the Slicer (Demonspawn Gladiator)    Turns: 6586, Time: 00:32:22

Health: -7/74      AC: 13    Str: 14    XL:     10   Next: 14%
Magic:  16/16      EV: 13    Int: 17    God:    Hepliaklqana [......]
Gold:   501        SH:  6    Dex: 21    Spells: 17/17 levels left

rFire   . . .      SeeInvis .    B - +3 rapier (drain)
rCold   + . .      Faith    .    p - +0 buckler
rNeg    . . .      Spirit   .    b - +1 leather armour
rPois   .          Reflect  .    m - +2 helmet {Int+3}
rElec   +          Rampage  .    r - +0 cloak
rCorr   +                        l - +2 pair of gloves
Will    .....                    h - +0 pair of boots
Stlth   +++                      (no amulet)
HPRegen 0.32/turn                c - ring of resist corrosion
MPRegen 0.15/turn                f - +6 ring of dexterity

@: no status effects
A: rugged brown scales 1, spiny 1, demonic magic 1, weakness stinger 2, cold
resistance 1, screaming 1, electricity resistance
a: Renounce Religion


You were on level 8 of the Dungeon.
You worshipped Hepliaklqana.
Hepliaklqana was noncommittal.
You visited 2 branches of the dungeon, and saw 9 of its levels.
You also visited: Ossuary and Bailey.

You collected 501 gold pieces.

Inventory:

Hand Weapons
 o - a +0 short sword
 A - a +1 dagger of venom
 B - a +3 rapier of draining (weapon)
Missiles
 e - a javelin
 j - 5 silver javelins
 k - 75 stones
 s - 5 boomerangs (quivered)
 w - 27 poisoned darts
Armour
 b - a +1 leather armour (worn)
 h - a +0 pair of boots (worn)
 l - a +2 pair of gloves (worn)
 m - a +2 helmet of intelligence (worn)
 p - a +0 buckler (worn)
 r - a +0 cloak (worn)
Magical Staves
 F - a staff of fire
 I - a staff of conjuration
Jewellery
 c - a ring of resist corrosion (left hand)
 f - a +6 ring of dexterity (right hand)
Wands
 a - a wand of digging (5)
 d - a wand of mindburst (17)
 n - a wand of quicksilver (10)
 E - a wand of flame (9)
 G - a wand of roots (6)
Scrolls
 t - 2 scrolls of teleportation
 v - a scroll of enchant armour
 y - 2 scrolls of identify
 D - 2 scrolls of blinking
 K - a scroll of brand weapon {unknown}
 N - a scroll of torment {unknown}
Potions
 g - 7 potions of brilliance
 i - 6 potions of mutation
 q - 7 potions of curing
 u - 2 potions of resistance
 x - 5 potions of heal wounds
 z - 6 potions of haste
 C - 4 potions of might
 H - 3 potions of lignification
 J - a potion of flight
 L - a potion of experience
 M - a potion of invisibility


   Skills:
 + Level 4.2 Fighting
 * Level 9.5(9.7) Short Blades
 - Level 2.9(6.7) Long Blades
 - Level 1.7 Throwing
 - Level 1.0 Armour
 - Level 3.0 Dodging
 + Level 5.8 Stealth
 - Level 4.0 Shields
 - Level 4.0 Spellcasting
 + Level 1.6 Invocations
 - Level 3.0 Evocations


You had 17 spell levels left.
You didn't know any spells.
Your spell library was empty.

Dungeon Overview and Level Annotations

Branches:
Dungeon (8/15)             Temple (1/1) D:7         Ossuary (visited)
 Bailey (visited)
   Lair: D:8-11

Altars:
Cheibriados
Dithmenos
Fedhas
Hepliaklqana
Kikubaaqudgha
Makhleb
Nemelex Xobeh
Okawaru
Qazlal
Ru
Trog
Uskayaw
Vehumet
Wu Jian
Xom

Shops:
D:7 [


Innate Abilities, Weirdness & Mutations

You are partially covered in rugged brown scales. (AC +1, +3% HP)
You are partially covered in sharp spines.
Spells you cast may paralyse adjacent enemies.
You have a tail ending in a sharp stinger.
Your flesh is cold resistant. (rC+)
You occasionally shout uncontrollably at your foes.
You are resistant to electric shocks. (rElec)


Message History

The orc warrior closely misses you.
You hit the orc warrior.
You kill the orc warrior!
Items here: ))) [ ††.
Okay, then.
Things that are here:
a +0 club; an orc corpse; a vampire mosquito corpse You open the door.
There is an open door here.
You see here a +0 halberd of protection.
You open the door.
A two-headed ogre comes into view. It is wielding two +0 giant clubs.
There is an open door here.
The two-headed ogre shouts in stereo!
The two-headed ogre closely misses you. The two-headed ogre misses you.
You puncture the two-headed ogre!
The two-headed ogre is lightly wounded.
You puncture the two-headed ogre!
The two-headed ogre is moderately wounded.
The two-headed ogre is struck by your spines.
The two-headed ogre hits you with a +0 giant club!! x2
You hit the two-headed ogre.
The two-headed ogre is moderately wounded.
You hit the two-headed ogre.
The two-headed ogre is heavily wounded.
You block the two-headed ogre's attack. The two-headed ogre barely misses you.
You hit the two-headed ogre.
Your tail-slap misses the two-headed ogre.
The two-headed ogre is heavily wounded.
You barely miss the two-headed ogre.
The two-headed ogre is heavily wounded.
The two-headed ogre barely misses you. You block the two-headed ogre's attack.
You puncture the two-headed ogre! You drain the two-headed ogre.
The two-headed ogre is severely wounded.
You barely miss the two-headed ogre.
The two-headed ogre is severely wounded.
The two-headed ogre hits you with a +0 giant club!!
* * * LOW HITPOINT WARNING * * *
The two-headed ogre hits you with a +0 giant club!!
You die...

+#......#######+####+###.......#.
.......................))......#.
........................#####+##.
........................'.....##.
........)...............#........
.......)∩)..............#........
#####...)..#+######.....#.......,
##.......'....#.....##+######
##......#..@O#..............
#......#....#..............
#......#....#..............
#......#....#..............
#......#....#..............
**##...####+###.....###'##+##
*,,..##****,,*#######........
**,,,,,*,,,,,*...............
*,,,,,*,,,,,*...............


You could see a two-headed ogre (drained).

Vanquished Creatures
  An orc knight (Bailey)
  Pikel (D:7)
  Joseph (D:7)
  Prince Ribbit (D:7)
  Eustachio (D:4)
  Menkaure (D:4)
  2 vampire mosquitoes (D:8)
  2 water moccasins
  A sky beast (D:6)
  An orc warrior (D:8)
  4 ice beasts
  A black bear (D:5)
  An ogre (D:4)
  Blork the orc (D:4)
  A bullfrog (D:7)
  3 kobold brigands
  5 scorpions
  3 wights (D:8)
  6 hounds
  A sleepcap (D:4)
  2 jellies
  Crazy Yiuf (D:4)
  4 iguanas
  An orc wizard (D:4)
  A mummy (Ossuary)
  14 gnolls
  8 adders
  A shadow imp (D:6)
  A white imp (D:8)
  2 ufetubi
  A worm (D:2)
  2 dart slugs
  19 orcs
  3 spectral bats (Ossuary)
  5 ball pythons
  8 endoplasms
  2 giant cockroaches
  12 gnoll zombies (Ossuary)
  6 goblins
  5 hobgoblins
  5 jackals
  20 kobolds
  6 quokkas
  6 bats
  2 bat simulacra (Ossuary)
  6 frilled lizards
  5 goblin simulacra (Ossuary)
  3 goblin zombies (Ossuary)
  7 hobgoblin zombies (Ossuary)
  4 kobold simulacra (Ossuary)
  4 kobold zombies (Ossuary)
  4 orc zombies (Ossuary)
  7 rats
  2 rat simulacra (Ossuary)
  2 spectral goblins (Ossuary)
  4 spectral kobolds (Ossuary)
  3 spectral rats (Ossuary)
226 creatures vanquished.

Vanquished Creatures (others)
  2 plants (D:5)
2 creatures vanquished.

Grand Total: 228 creatures vanquished

Notes
Turn   | Place    | Note
-------+----------+-------------------------------------------
     0 | D:1      | IdlyInterested the Demonspawn Gladiator began the quest for
                  | the Orb.
     0 | D:1      | Reached XP level 1. HP: 16/16 MP: 1/1
    82 | D:1      | Reached skill level 1 in Evocations
   164 | D:1      | Gained mutation: Spells you cast may paralyse adjacent
                  | enemies. [demonic ancestry]
   164 | D:1      | Reached XP level 2. HP: 9/22 MP: 2/2
   265 | D:1      | Reached skill level 1 in Armour
   363 | D:1      | Reached skill level 1 in Short Blades
   465 | D:1      | Reached XP level 3. HP: 27/27 MP: 3/3
   747 | D:2      | Found a hide-covered altar of Uskayaw.
   805 | D:2      | Found a faded altar of an unknown god.
  1120 | D:2      | Reached skill level 1 in Stealth
  1270 | D:2      | Reached skill level 2 in Short Blades
  1495 | D:3      | Reached XP level 4. HP: 31/33 MP: 4/4
  1613 | D:3      | Found a hide-covered altar of Uskayaw.
  1694 | D:3      | You fall into a shaft and drop 3 floors!
  1786 | D:5      | Entered Level 5 of the Dungeon
  1799 | D:4      | Noticed an ogre
  1805 | D:4      | HP: 1/33 [ogre/+0 giant club (20)]
  1808 | D:4      | Killed an ogre
  1809 | D:4      | Reached skill level 3 in Short Blades
  1809 | D:4      | Gained mutation: You are partially covered in rugged brown
                  | scales. (AC +1, +3% HP) [demonic ancestry]
  1809 | D:4      | Reached XP level 5. HP: 2/39 MP: 5/5
  1963 | D:3      | Reached skill level 4 in Short Blades
  2523 | D:4      | Gained mutation: You have a small tail. [demonic ancestry]
  2523 | D:4      | Reached XP level 6. HP: 45/45 MP: 6/6
  2571 | D:4      | Noticed Eustachio
  2589 | D:4      | Killed Eustachio
  2590 | D:4      | Reached skill level 1 in Spellcasting
  2618 | D:4      | Noticed Menkaure
  2618 | D:4      | Noticed an ice beast
  2630 | D:4      | Killed Menkaure
  2631 | D:4      | Reached skill level 5 in Short Blades
  2631 | D:4      | Reached XP level 7. HP: 37/51 MP: 8/10
  2820 | D:4      | Reached skill level 1 in Shields
  2939 | D:4      | Found an iron altar of Okawaru.
  2961 | D:4      | Reached skill level 6 in Short Blades
  3059 | D:4      | Noticed Blork the orc
  3088 | D:4      | Killed Blork the orc
  3139 | D:4      | Upgraded the game from 0.30-a0-965-g42e074c17a to
                  | 0.30-a0-972-gf3ab3527aa
  3207 | D:4      | Found a runed translucent door.
  3208 | D:4      | Noticed Crazy Yiuf
  3215 | D:4      | Killed Crazy Yiuf
  3318 | D:5      | Gained mutation: You are partially covered in sharp spines.
                  | [demonic ancestry]
  3318 | D:5      | Reached XP level 8. HP: 58/58 MP: 11/11
  4029 | D:6      | Reached skill level 7 in Short Blades
  4044 | D:5      | Gained mutation: Your magical capacity is low. (-10% MP)
                  | [potion of mutation]
  4044 | D:5      | Gained mutation: Your muscles are strong. (Str +4, Int/Dex
                  | -1) [potion of mutation]
  4044 | D:5      | Lost mutation: Your muscles are strong. (Str +4, Int/Dex
                  | -1) [potion of mutation]
  4044 | D:5      | Gained mutation: You passively map a small area around you.
                  | [potion of mutation]
  4773 | D:7      | Noticed Pikel
  4791 | D:7      | Killed Pikel
  4792 | D:7      | Reached skill level 8 in Short Blades
  4792 | D:7      | Gained mutation: You have a tail ending in a sharp stinger.
                  | [demonic ancestry]
  4792 | D:7      | Reached XP level 9. HP: 49/65 MP: 12/12
  5008 | D:7      | Noticed Prince Ribbit
  5012 | D:7      | Found Binas's Armour Shoppe.
  5020 | D:7      | Found a hazy altar of Hepliaklqana.
  5023 | D:7      | Killed Prince Ribbit
  5036 | D:7      | Noticed Joseph
  5043 | D:7      | Killed Joseph
  5111 | D:7      | Reached skill level 5 in Stealth
  5364 | D:7      | Lost mutation: Your magical capacity is low. (-10% MP)
                  | [potion of mutation]
  5364 | D:7      | Lost mutation: You passively map a small area around you.
                  | [potion of mutation]
  5364 | D:7      | Gained mutation: You are dopey. (Int -2) [potion of
                  | mutation]
  5364 | D:7      | Gained mutation: Your system is resistant to poisons.
                  | (rPois) [potion of mutation]
  5373 | D:7      | Found a staircase to the Ecumenical Temple.
  5396 | Temple   | Entered the Ecumenical Temple
  5606 | D:8      | Found a sand-covered staircase.
  5611 | Ossuary  | Entered an ossuary
  5947 | D:8      | Found a stormy altar of Qazlal.
  5964 | D:8      | Found a flagged portal.
  5973 | Bailey   | Entered a bailey
  6091 | Bailey   | Reached skill level 9 in Short Blades
  6165 | Bailey   | Noticed an orc knight
  6184 | Bailey   | Killed an orc knight
  6259 | D:8      | Lost mutation: Your system is resistant to poisons. (rPois)
                  | [potion of mutation]
  6259 | D:8      | Lost mutation: You are dopey. (Int -2) [potion of mutation]
  6259 | D:8      | Gained mutation: You occasionally shout uncontrollably at
                  | your foes. [potion of mutation]
  6259 | D:8      | Gained mutation: Your flesh is cold resistant. (rC+)
                  | [potion of mutation]
  6259 | D:8      | Gained mutation: You are resistant to electric shocks.
                  | (rElec) [potion of mutation]
  6337 | D:7      | Became a worshipper of Hepliaklqana the Forgotten
  6374 | D:8      | Reached XP level 10. HP: 73/73 MP: 15/15
  6518 | D:8      | Reached skill level 1 in Invocations
  6574 | D:8      | Noticed a two-headed ogre
  6586 | D:8      | Mangled by a two-headed ogre

Illustrated notes

Levels and vault maps discovered:
D:1:      ncdulo_lavacross, layout_basic
D:2:      layout_loops_ring, hellmonk_ecumenical_altar_inner_sanctum,
          basic_altar
D:3:      layout_basic, nicolae_overflow_crystal_walls, dk_vineyard_2
D:4:      layout_rooms, nicolae_overflow_two_pavilions, minmay_crystal_room,
          uniq_menkaure, uniq_blork_the_orc, uniq_eustachio,
          uniq_crazy_yiuf_cottage
D:5:      layout_basic, serial_bayou_pond_c
D:6:      layout_basic
D:7:      layout_basic, mainiacjoe_overflow_tiny_flanked,
          minmay_temple_entry_fiery, serial_shops, shop, uniq_pikel,
          uniq_joseph, uniq_prince_ribbit1
D:8:      layout_gridville, nicolae_qazlal_style_of_elements, enter_ossuary_2,
          enter_bailey_2, minmay_three_doors
Temple:   hellmonk_temple_of_storms

Skill      XL: |  1  2  3  4  5  6  7  8  9 10 |
---------------+-------------------------------+-----
Evocations     | 1 2 3 |  3.0
Armour         | 1 |  1.0
Short Blades   | 1 2 3 4 5 6 8 9 |  9.5
Stealth        | 1 2 4 5 |  5.8
Spellcasting   | 2 3 4 |  4.0
Shields        | 2 3 4 |  4.0
Fighting       | 3 4 |  4.2
Dodging        | 3 |  3.0
Invocations    | 1 |  1.6
Long Blades    | |  2.9
Throwing       | |  1.7

Action                     |  1- 3 |  4- 6 |  7- 9 | 10-12 || total
---------------------------+-------+-------+-------+-------++-------
  Melee: Long sword        |   121 |   103 |       |       ||   224
         Punch             |     1 |       |       |       ||     1
         Rapier            |       |     8 |   332 |    32 ||   372
         Dagger            |       |     7 |       |       ||     7
         Tailslap          |       |     4 |    47 |     1 ||    52
  Throw: Throwing net      |     1 |     3 |       |       ||     4
         Boomerang         |       |     7 |    16 |     5 ||    28
         Dart              |       |     5 |       |       ||     5
    Use: Scroll            |     4 |     2 |    14 |       ||    20
         Potion            |       |       |     5 |       ||     5
   Stab: Sleeping          |     2 |     8 |    32 |       ||    42
         Held in net/web   |       |     1 |       |       ||     1
         Distracted        |       |       |     2 |       ||     2
         Invisible         |       |       |     2 |       ||     2
 Armour: Leather armour    |    64 |    52 |    86 |     2 ||   204
  Dodge: Dodged            |    97 |    62 |   133 |    15 ||   307
  Block: Buckler           |     5 |    24 |    51 |     4 ||    84

Table legend: (Time is in decaauts)
 A = Elapsed time spent in this place.
 B = Non-inter-level travel time spent in this place.
 C = Inter-level travel time spent in this place.
 D = Time resting spent in this place.
 E = Time spent auto-exploring this place.
 F = Levels seen in this place.
 G = Mean time per level.
                   A        B        C        D        E       F      G
               +--------+--------+--------+--------+--------+-----+--------+
         Total |   6594 |   5733 |    861 |    346 |   3033 |  11 |  599.5 |
       Dungeon |   5980 |   5119 |    861 |    346 |   3009 |   8 |  747.5 |
        Temple |     40 |     40 |      0 |      0 |     24 |   1 |   40.0 |
       Ossuary |    303 |    303 |      0 |      0 |      0 |   1 |  303.0 |
        Bailey |    270 |    270 |      0 |      0 |      0 |   1 |  270.0 |
               +--------+--------+--------+--------+--------+-----+--------+

Top non-repeatable levels by time:
     D:4: 928 daAuts
     D:6: 829 daAuts
     D:1: 787 daAuts
     D:2: 780 daAuts
     D:5: 763 daAuts
     D:3: 750 daAuts
     D:7: 707 daAuts
     D:8: 433 daAuts
 Ossuary: 303 daAuts
  Bailey: 270 daAuts
  Temple: 40 daAuts
